 Seeded DCSS version 0.29-a0-8-g0446c0dae4 (webtiles) character file.

Game seed: 18034371322628028886 (custom seed)

175 innerfire433 the Firebug (level 5, -4/37 (38) HPs)
             Began as a Draconian Fire Elementalist on Jan 27, 2022.
             Was a Priest of Jiyva.
             Slain by an iguana (11 damage)
             ... on level 4 of the Dungeon.
             The game lasted 00:08:04 (2947 turns).

innerfire433 the Firebug (DrFE)                     Turns: 2947, Time: 00:08:04

HP:   -4/37 (38)    AC:  8    Str: 16    XL:     5   Next: 29%
MP:   8/9           EV: 12    Int: 16    God:    Jiyva [***...]
Gold: 47            SH:  0    Dex: 11    Spells: 8/9 levels left

rFire   . . .      SeeInvis .   d - staff of conjuration
rCold   . . .      Faith    .   (no shield)
rNeg    . . .      Spirit   .   (armour unavailable)
rPois   .          Reflect  .   (helmet restricted)
rElec   .          Harm     .   f - +2 cloak
rCorr   +          Rampage  .   (no gloves)
Will    .....                   (no boots)
Stlth   ++........              (no amulet)
HPRegen 1.24/turn               (no ring)
MPRegen 0.46/turn               (no ring)

@: lethally poisoned (-4 -> -5), lightly drained
A: AC +5, unfitting armour, cold-blooded, strong 2, jelly sensing items, engulf
a: Renounce Religion, Oozemancy


You were on level 4 of the Dungeon.
You worshipped Jiyva.
Jiyva was most pleased with you.
You visited 1 branch of the dungeon, and saw 4 of its levels.

You collected 47 gold pieces.

Inventory:

Hand Weapons
 c - a +2 quarterstaff of chaos
 e - a +0 vampiric long sword
Armour
 f - a +2 cloak (worn)
Magical Staves
 d - a staff of conjuration (weapon)
Scrolls
 a - a scroll of fog
 b - a scroll of amnesia {unknown}


   Skills:
 * Level 1.8 Staves
 - Level 1.9 Dodging
 - Level 2.0 Stealth
 + Level 2.7 Spellcasting
 * Level 2.6 Conjurations
 + Level 3.6 Fire Magic
 * Level 1.8 Evocations


You had 8 spell levels left.
You knew the following spells:

 Your Spells              Type           Power      Damage    Failure   Level
a - Foxfire               Conj/Fire      72%        2x1d7     5%          1

Your spell library contained the following spells:

 Spells                   Type           Power      Damage    Failure   Level
 Scorch                   Fire           26%        2d6       7%          2
 Conjure Flame            Conj/Fire      18%        6-21      16%         3
 Static Discharge         Conj/Air       9%         N/A       17%         2
 Inner Flame              Hex/Fire       8%         N/A       26%         3
 Flame Wave               Conj/Fire      18%        2d6       45%         4
 Lightning Bolt           Conj/Air       4%         1d16      97%         5
 Maxwell's Capacitive Co  Air            1%         ∞         100%        8


Dungeon Overview and Level Annotations

Branches:
Dungeon (4/15)
 Temple: D:4-7

Altars:
Jiyva

Shops:
D:2 (


Innate Abilities, Weirdness & Mutations

Your plain brown scales are hard. (AC +5)
You cannot fit into any form of body armour.
You are cold-blooded and may be slowed by cold attacks.
Your muscles are very strong. (Str +4)
You have a small jelly attached to you that senses nearby items.
Your melee attacks may engulf your foes in ooze.


Message History

The adder is heavily wounded.
You barely miss the adder.
The adder is heavily wounded.
The adder bites you but does no damage.
You hit the adder.
You engulf the adder in ooze!
The adder is almost dead.
The adder bites you but does no damage. x2; The goblin misses you.
You closely miss the adder.
The adder is almost dead.
The adder bites you but does no damage. The goblin barely misses you.
The iguana closely misses you.
You hit the adder.
You kill the adder!
The goblin hits you with a +1 dagger of venom.
The iguana bites you! The goblin hits you but does no damage.
You are poisoned.
The iguana bites you.
Things that are here:
a ring of protection from fire; an adder corpse
Casting: Foxfire (safe; 5% risk of failure)
Confirm with . or Enter, or press ? or * to list all spells.
You feel a surge of power!
You conjure some foxfire!
You feel sick.
The goblin hits you with a +1 dagger of venom.
You are more poisoned.
The iguana bites you but does no damage.
Your foxfire dissipates!
You feel very sick.
The foxfire hits the iguana.
The iguana is lightly wounded.
The goblin completely misses you. The iguana bites you!
* * * LOW HITPOINT WARNING * * *
You feel very sick.
You aren't carrying any potions.
Casting: Foxfire (safe; 5% risk of failure)
Confirm with . or Enter, or press ? or * to list all spells.
You feel a surge of power!
You conjure some foxfire!
You feel very sick. The goblin barely misses you. The iguana bites you!
You die...

.#.# #### ...
..#
#.####.#### #
#.........#
#.#..#......#
#.#..#......#
#..vl.>....<#
#.v@g=.....<#
####.>......#
#..#..#......
#..#.###.#.##
#..#.# #.#.#
...#.# #.# #
##.##.# #.#
...... ..#


You could see an iguana (ally target) and a goblin (ally target).

Vanquished Creatures
  A hound (D:3)
  Crazy Yiuf (D:3)
  Natasha (twice) (D:3)
  A gnoll (D:1)
  3 adders
  3 dart slugs
  2 endoplasms (D:1)
  3 giant cockroaches
  4 hobgoblins
  5 ball pythons
  3 bats
  4 frilled lizards
  6 goblins
  5 kobolds
  2 rats
45 creatures vanquished.

Vanquished Creatures (collateral kills)
  4 foxfires (D:1)
4 creatures vanquished.

Vanquished Creatures (others)
  Sigmund (D:3)
  The ghost of miscthings the Magician, an amateur DjCj (D:3)
  A scorpion (D:2)
  A jelly (D:3)
  Natasha (D:3)
  An adder (D:2)
  2 dart slugs
  3 bats
  An endoplasm (D:3)
  A giant cockroach (D:2)
  A goblin (D:2)
  2 hobgoblins
  2 ball pythons (D:2)
  A kobold (D:2)
  2 rats (D:2)
  112 foxfires
  3 fungi (D:1)
  15 plants (D:1)
  2 withered plants (D:3)
153 creatures vanquished.

Grand Total: 202 creatures vanquished

Notes
Turn   | Place    | Note
-------+----------+-------------------------------------------
     0 | D:1      | innerfire433 the Draconian Fire Elementalist began the
                  | quest for the Orb.
     0 | D:1      | Reached XP level 1. HP: 14/14 MP: 3/3
   457 | D:1      | Reached XP level 2. HP: 10/20 MP: 0/5
  1063 | D:1      | Found a faded altar of an unknown god.
  1093 | D:1      | Prayed at the altar of an unknown god.
  1093 | D:1      | Became a worshipper of Jiyva Jiumirph the Shapeless
  1093 | D:1      | Reached * piety under Jiyva
  1155 | D:1      | Reached XP level 3. HP: 6/26 MP: 3/6
  1612 | D:2      | Reached ** piety under Jiyva
  1702 | D:2      | Killed a scorpion
  1725 | D:2      | Found Edugic's Weapon Shop.
  2066 | D:3      | Reached skill level 1 in Staves
  2066 | D:3      | Reached skill level 1 in Evocations
  2066 | D:3      | Reached XP level 4. HP: 29/33 MP: 7/7
  2099 | D:3      | Reached *** piety under Jiyva
  2099 | D:3      | Gained mutation: Your melee attacks may engulf your foes in
                  | ooze. [Jiyva's grace]
  2099 | D:3      | Gained mutation: You have a small jelly attached to you
                  | that senses nearby items. [Jiyva's grace]
  2099 | D:3      | Gained mutation: Your muscles are strong. (Str +2) [Jiyva's
                  | grace]
  2099 | D:3      | Gained mutation: Your muscles are very strong. (Str +4)
                  | [Jiyva's grace]
  2283 | D:3      | Found a runed translucent door.
  2288 | D:3      | Noticed miscthings's ghost (amateur DjCj)
  2355 | D:3      | Killed Sigmund
  2370 | D:3      | Found a runed translucent door.
  2371 | D:3      | Noticed Crazy Yiuf
  2410 | D:3      | Noticed Natasha
  2423 | D:3      | Killed Natasha
  2458 | D:3      | Killed Natasha
  2596 | D:3      | Noticed Natasha
  2602 | D:3      | Killed Natasha
  2603 | D:3      | Reached XP level 5. HP: 30/38 MP: 9/9
  2798 | D:3      | Killed miscthings's ghost
  2880 | D:3      | Killed Crazy Yiuf
  2947 | D:4      | Slain by an iguana

Illustrated notes

Levels and vault maps discovered:
D:1:      dpeg_arrival_snail, layout_rooms,
          shapermc_ecumenical_altar_mp_ritualfount
D:2:      layout_basic, serial_shops, shop
D:3:      layout_basic, gammafunk_ghost_grave, minmay_misc_feat_tiny,
          uniq_natasha, uniq_sigmund, uniq_crazy_yiuf_cottage
D:4:      layout_loops_ring, temple_green, guppyfry_early_lair_pool,
          uniq_blork_the_orc

Skill      XL: |  1  2  3 |
---------------+----------+-----
Stealth        | 2 |  2.0
Staves         | 1 |  1.8
Conjurations   | 2 |  2.6
Evocations     | 1 |  1.8
Dodging        | |  1.9
Spellcasting   | |  2.7
Fire Magic     | |  3.6

Action                   |  1- 3 |  4- 6 || total
-------------------------+-------+-------++-------
Melee: Unarmed           |    27 |       ||    27
       Tailslap          |     4 |       ||     4
       Staff             |    26 |    26 ||    52
       Punch             |       |     1 ||     1
 Cast: Foxfire           |    64 |    25 ||    89
  Use: Potion            |     1 |     1 ||     2
       Scroll            |     1 |       ||     1
Armor: Skin              |    27 |    17 ||    44
Dodge: Dodged            |    63 |    24 ||    87

Table legend: (Time is in decaauts)
 A = Elapsed time spent in this place.
 B = Non-inter-level travel time spent in this place.
 C = Inter-level travel time spent in this place.
 D = Time resting spent in this place.
 E = Time spent auto-exploring this place.
 F = Levels seen in this place.
 G = Mean time per level.
                   A        B        C        D        E       F      G
               +--------+--------+--------+--------+--------+-----+--------+
         Total |   2970 |   2883 |     87 |      0 |   2210 |   4 |  742.5 |
       Dungeon |   2970 |   2883 |     87 |      0 |   2210 |   4 |  742.5 |
               +--------+--------+--------+--------+--------+-----+--------+

Top non-repeatable levels by time:
     D:1: 1409 daAuts
     D:3: 952 daAuts
     D:2: 591 daAuts
     D:4: 17 daAuts
